 Dungeon Crawl Stone Soup version 0.21.1-1-g345015f (webtiles) character file.

431809 troglodite the Hoplite (level 22, -9/174 HPs)
             Began as a Demonspawn Berserker on June 11, 2018.
             Was an Elder of Trog.
             Killed by divine providence
             ... invoked by a deep elf high priest
              (12 damage)
             ... on level 5 of the Vaults on June 13, 2018.
             The game lasted 04:12:02 (64648 turns).

troglodite the Hoplite (Demonspawn Berserker)      Turns: 64648, Time: 04:12:03

Health: -9/174     AC: 48    Str: 21    XL:     22   Next: 85%
Magic:  0/22       EV: 21    Int: 12    God:    Trog [****..]
Gold:   3273       SH: 28    Dex: 30    Spells: 21/21 levels left

rFire    + + .     SeeInvis +   J - +6 dagger of Yesterday {freeze, rElec}
rCold    . . .     Gourm    .   M - +3 large shield {AC+3}
rNeg     + + +     Faith    .   U - +12 crystal plate armour of Protective Custody {+Inv MR+ Str+2}
rPois    +         Spirit   +   L - +1 helmet of the Burgomaster {rPois Dex+6 Stlth-}
rElec    +         Reflect  .   n - +2 cloak {+Inv}
rCorr    .         Harm     .   t - +2 pair of gloves {archery}
MR       ++++.                  (boots unavailable)
Stlth    ..........             a - amulet of guardian spirit
HPRegen  1.39/turn              j - ring "Ugompafe" {rPois rF++ rN+ Int+2 Dex-4}
MPRegen  0.18/turn              C - ring "Luenlul" {Wiz rN+ Dex+3 SInv}

@: agile, about to teleport, berserk cooldown, regenerating, hasted (expiring),
very quick
A: hooves 3, repulsion field 2, blink, negative energy resistance 1, powered by
death 3, powered by pain 3
}: 2/15 runes: decaying, serpentine
a: Blink, Berserk, Trog's Hand, Brothers in Arms, Burn Spellbooks, Renounce
Religion, Evoke Invisibility


You were on level 5 of the Vaults.
You worshipped Trog.
Trog was greatly pleased with you.
You were not hungry.

You visited 7 branches of the dungeon, and saw 39 of its levels.
You also visited: Ice Cave.

You collected 4457 gold pieces.
You spent 1184 gold pieces at shops.

Inventory:

Hand Weapons
 o - a +4 demon blade of venom
 v - the +7 hunting sling of Ycvorolu {flame, MP+9}
   (You bought it in a shop on level 2 of the Orcish Mines)

   It causes projectiles fired from it to burn those they strike, causing extra
   injury to most foes and up to half again as much damage against particularly
   susceptible opponents.
   It affects your magic capacity (+9).
 H - a +4 antimagic demon blade
 J - the +6 dagger of Yesterday (weapon) {freeze, rElec}
   (You found it on level 7 of the Dungeon)

   It has been specially enchanted to freeze those struck by it, causing extra
   injury to most foes and up to half again as much damage against particularly
   susceptible opponents.
   It can also slow down cold-blooded creatures.
   It insulates you from electricity.
 O - the +7 dagger of Disembowelment {pierce, Int+4}
   (You found it on level 3 of the Elven Halls)

   It inflicts extra damage upon your enemies.
   It affects your intelligence (+4).
 X - a +6 falchion of flaming
Missiles
 p - 1268 stones (quivered)
 D - 629 sling bullets
Armour
 n - a +2 cloak of invisibility (worn)
 t - a +2 pair of gloves of archery (worn)
 L - the +1 helmet of the Burgomaster (worn) {rPois Dex+6 Stlth-}
   (You found it on level 4 of the Vaults)

   It affects your dexterity (+6).
   It protects you from poison.
   It makes you less stealthy.
 M - a +3 large shield of protection (worn)
 U - the +12 crystal plate armour of Protective Custody (worn) {+Inv MR+ Str+2}
   (You acquired it on level 2 of the Lair of Beasts)

   It affects your strength (+2).
   It affects your resistance to hostile enchantments.
   It lets you turn invisible.
 Z - +0 gold dragon scales
Jewellery
 a - an amulet of guardian spirit (around neck)
 j - the ring "Ugompafe" (left hand) {rPois rF++ rN+ Int+2 Dex-4}
   (You found it on level 4 of the Lair of Beasts)

   [ring of positive energy]

   It affects your intelligence (+2).
   It affects your dexterity (-4).
   It greatly protects you from fire.
   It protects you from poison.
   It protects you from negative energy.
 C - the ring "Luenlul" (right hand) {Wiz rN+ Dex+3 SInv}
   (You bought it in a shop on level 2 of the Orcish Mines)

   [ring of wizardry]

   It improves your spell success rate.
   It affects your dexterity (+3).
   It protects you from negative energy.
   It lets you see invisible.
 N - a +2 ring of strength
Wands
 q - a wand of polymorph (16)
 x - a wand of iceblast (10)
 y - a wand of disintegration (14)
 z - a wand of acid (7)
 V - a wand of digging (10)
Scrolls
 h - 23 scrolls of remove curse
 l - a scroll of enchant armour
 s - 5 scrolls of fog
 F - a scroll of vulnerability {unknown}
 G - 4 scrolls of fear
 K - 4 scrolls of silence
 R - 17 scrolls of identify
 T - 8 scrolls of magic mapping
 Y - 2 scrolls of enchant weapon
Potions
 e - 2 potions of resistance
 f - 2 potions of invisibility
 g - 5 potions of flight
 i - 9 potions of curing
 m - 5 potions of agility
 u - 4 potions of magic
 w - 6 potions of brilliance
 A - 5 potions of haste
 B - 7 potions of lignification
 E - 7 potions of might
 I - 6 potions of mutation
 P - a potion of berserk rage
 Q - 4 potions of cancellation
 S - a potion of ambrosia
Comestibles
 c - 15 rations


   Skills:
 * Level 14.9 Fighting
 + Level 10.9(11.9) Short Blades
 + Level 8.1(10.7) Long Blades
   Level 1.2 Axes
 * Level 13.2 Slings
 * Level 15.3 Armour
 * Level 14.0 Dodging
 + Level 3.3 Stealth
 * Level 22.1 Shields


You had 21 spell levels left.
You didn't know any spells.

Dungeon Overview and Level Annotations

Branches:
Dungeon (15/15)            Temple (0/1) D:4            Lair (6/6) D:9
  Swamp (4/4) Lair:4        Snake (4/4) Lair:3        Slime (0/5) Lair:5
    Orc (2/2) D:11            Elf (3/3) Orc:2        Vaults (5/5) D:14
  Crypt (0/3) Vaults:2     Depths (0/5) D:15

Altars:
Cheibriados
Dithmenos
Fedhas
Kikubaaqudgha
Makhleb
Nemelex Xobeh
Qazlal
Ru
Sif Muna
Trog
Vehumet
Xom
The Shining One

Shops:
D:5 *}((%   D:9 (%*:%   Orc:2 *%}((=   Snake:4 [   Vaults:4 :

Portals:
Pandemonium: Orc:2
Trove: D:14 (give 23 scrolls of identify)

Annotations:
D:3 exclusion: oklob plant


Innate Abilities, Weirdness & Mutations

You have hooves in place of feet.
You are surrounded by a moderate repulsion field. (EV +3)
You resist negative energy. (rN+)
You regenerate a lot of health from kills.
You are powered by pain.
You can translocate small distances at will.


Message History

You feel resistant to hostile enchantments.
You feel somewhat more hungry.
You hit the vault warden but do no damage.
You kick the vault warden.
The vault warden is lightly wounded.
Your extra speed is starting to run out.
The deep elf high priest calls down the wrath of its god upon you.
Something smites you!
* * * LOW HITPOINT WARNING * * *
You block the ettin's attack. x2; You block the vault warden's attack.
You puncture the vault warden! You freeze the vault warden.
Your kick misses the vault warden.
The vault warden is lightly wounded.
Unknown command.
The titan waves its arms in wide circles.
The air twists around and strikes you!
* * * LOW HITPOINT WARNING * * *
The deep elf high priest mumbles some strange prayers to its god against you.
Something smites you!
You die...

####### #########
......# #..Hp.@.#
).....# #..OC...#
......# #.......#
...(D.#####eDC....#
...ppx...CDx......#
######...pp########
#..pDp# .........#
....#....p#


You could see a shadow dragon, an ironheart preserver, a titan, a storm dragon,
an ice dragon, a sphinx, a vault warden, a vault guard, 2 ettins, a two-headed
ogre, a deep elf high priest and a small abomination.

Vanquished Creatures
  An ancient lich (Vaults:5)
  Mara (Swamp:3)
  Nikola (Swamp:2)
  A golden dragon (Vaults:5)
  A lich (Vaults:2)
  8 tentacled monstrosities
  3 quicksilver dragons
  2 deep elf blademasters (Elf:3)
  2 deep elf master archers (Elf:3)
  A sphinx (Vaults:3)
  A tengu reaver (Vaults:4)
  7 nagarajas
  2 storm dragons
  3 thorn hunters
  Agnes (Snake:1)
  Roxanne (Swamp:3)
  3 shadow dragons
  3 fire giants
  An orc warlord (Orc:2)
  12 vault wardens
  3 frost giants
  11 deep elf sorcerers
  An iron dragon (Vaults:5)
  7 deep elf elementalists
  4 stone giants
  2 entropy weavers
  11 ironheart preservers
  8 very ugly things
  10 deep elf annihilators
  Azrael (Snake:1)
  5 deep elf demonologists
  3 ettins
  5 deep elf death magi
  8 fire dragons
  Snorg (D:11)
  Josephine (D:11)
  3 deep elf high priests
  9 ogre magi
  9 yaktaur captains
  A great orb of eyes (Vaults:1)
  27 vault guards
  2 ice dragons
  15 naga warriors
  Fannar (D:11)
  A rakshasa (Vaults:2)
  9 anacondas
  17 hydras
  2 ghost crabs
  An anaconda (shapeshifter) (Vaults:4)
  A catoblepas (D:14)
  8 alligators
  7 centaur warriors
  23 two-headed ogres
  31 dancing weapons
  6 death yaks (Lair:2)
  2 death knights
  2 deep troll shamans
  7 orc high priests
  2 deep troll earth magi (Vaults:4)
  6 naga sharpshooters
  22 deep elf knights
  4 shock serpents
  Sonja (Lair:4)
  A small abomination (Elf:3)
  3 salamander mystics (Snake:2)
  6 sea snakes (Snake:4)
  A skeletal warrior (D:14)
  A torturous demonspawn (Orc:2)
  6 deep trolls
  4 unseen horrors
  A gelid demonspawn (Orc:2)
  3 flayed ghosts
  2 wizards
  A deep troll (shapeshifter) (D:15)
  2 spriggan druids
  4 shambling mangroves
  13 swamp dragons
  A glowing orange brain (D:15)
  12 deep elf archers
  4 naga ritualists
  3 lindwurms (Swamp:4)
  8 mana vipers
  14 ironbrand convokers
  A phantasmal warrior (D:11)
  40 ugly things
  A frost giant zombie (Vaults:4)
  A necromancer (Vaults:4)
  21 orc knights
  A salamander (shapeshifter) (Vaults:3)
  76 deep elf magi
  4 wolf spiders
  5 salamanders
  6 orc sorcerers
  2 manticores
  4 cyclopes
  The ghost of inc the Shield-Bearer, a novice OpFi of Gozag (D:5)
  3 guardian serpents
  4 elephants (Lair:5)
  A centaur zombie (D:13)
  29 black mambas
  Maurice (D:9)
  28 naga magi
  A guardian serpent (shapeshifter) (Vaults:3)
  8 vault sentinels
  2 ice statues (IceCv)
  2 gargoyles
  A human zombie (Vaults:4)
  A storm dragon simulacrum (Vaults:4)
  20 spiny frogs
  6 centaur skeletons
  An orange demon (Orc:2)
  5 rime drakes
  8 komodo dragons
  4 freezing wraiths
  47 yaktaurs
  5 ice devils (IceCv)
  A hellwing (Orc:2)
  6 trolls
  A red devil (Orc:2)
  A meliai (shapeshifter) (D:14)
  A troll (shapeshifter) (Vaults:4)
  A polar bear (Lair:2)
  2 tyrant leeches
  2 hydra zombies (Swamp:2)
  22 hornets
  Grinder (D:3)
  9 blink frogs
  2 dream sheep (D:8)
  6 bog bodies
  38 slime creatures
  A hippogriff (shapeshifter) (Elf:2)
  A fire giant simulacrum (Vaults:3)
  7 hippogriffs
  3 air elementals
  7 redbacks
  16 spriggans
  A tarantella (shapeshifter) (Vaults:1)
  4 water elementals
  13 wyverns
  2 shadows
  23 yaks
  8 fire elementals
  2 spriggans (shapeshifter) (D:15)
  7 wraiths
  2 tarantellas (Vaults:3)
  A fire bat (shapeshifter) (Vaults:4)
  6 basilisks
  2 neqoxecs (Orc:2)
  A steam dragon (Lair:6)
  30 vampire mosquitoes
  A hungry ghost (D:11)
  5 wargs
  Edmund (D:5)
  27 swamp worms
  28 nagas
  9 insubstantial wisps
  2 acid dragons
  Duvessa (D:5)
  24 water moccasins
  A soldier ant (D:12)
  4 hell hounds (Snake:1)
  A soldier ant (shapeshifter) (Vaults:2)
  16 swamp drakes
  11 porcupines
  57 orc warriors
  A black bear (shapeshifter) (Vaults:4)
  3 black bears
  4 phantoms
  An ettin simulacrum (Vaults:4)
  4 sky beasts
  4 ice beasts
  24 ogres
  35 centaurs
  11 crocodiles
  10 wolves
  6 boggarts
  11 bullfrogs
  3 earth elementals
  6 big kobolds
  A bullfrog (shapeshifter) (Elf:1)
  A gnoll sergeant (Orc:2)
  A wyvern skeleton (D:14)
  Dowan (D:5)
  3 scorpions
  12 wights
  8 killer bees
  3 electric eels
  7 howler monkeys
  9 crimson imps
  A bullfrog zombie (D:12)
  3 hounds
  6 jellies
  17 orc wizards
  34 orc priests
  A gnoll shaman (Orc:2)
  6 iguanas
  Ijyb (D:3)
  5 worker ants
  Robin (D:4)
  12 gnolls
  26 adders
  5 shadow imps
  19 white imps
  7 ufetubi (IceCv)
  An adder skeleton (D:5)
  A worm (D:2)
  3 dart slugs
  8 leopard geckos
  93 orcs
  9 giant cockroaches
  15 goblins
  13 hobgoblins
  11 jackals
  3 quokkas
  9 bats
  4 frilled lizards
  22 kobolds
  A leopard gecko skeleton (D:6)
  A quokka skeleton (D:6)
  2 quokka zombies
  11 rats
  A briar patch (Swamp:2)
  A crawling corpse (Elf:3)
  3 fungi (D:3)
  2 plants (D:3)
1730 creatures vanquished.

Vanquished Creatures (collateral kills)
  Bai Suzhen (Vaults:4)
  Saint Roka (Vaults:4)
  Vashnia (Snake:2)
  A titan (Vaults:5)
  A quicksilver dragon (Vaults:5)
  A tengu reaver (Vaults:5)
  Donald (Vaults:1)
  A storm dragon (Vaults:5)
  2 nagarajas (Snake:4)
  4 vault wardens
  A war gargoyle (Vaults:5)
  2 very ugly things (Vaults:5)
  A reaper (IceCv)
  2 stone giants (Vaults:4)
  2 entropy weavers
  An ironheart preserver (Vaults:5)
  Nessos (D:11)
  3 deep elf annihilators (Elf:3)
  2 ettins (Vaults:5)
  2 deep elf death magi (Elf:3)
  2 yaktaur captains (Vaults:4)
  3 vault guards
  A catoblepas (Lair:6)
  A centaur warrior (Vaults:1)
  A deep troll shaman (Vaults:4)
  An orc high priest (Orc:2)
  7 naga sharpshooters
  2 deep trolls
  2 naga ritualists (Snake:3)
  A wizard (Vaults:3)
  A necromancer (Swamp:2)
  3 ironbrand convokers (Vaults:3)
  An orc knight (Orc:1)
  A deep elf mage (Vaults:3)
  2 orc sorcerers (Orc:2)
  A human skeleton (Vaults:4)
  4 salamanders
  An ugly thing (Vaults:5)
  A stone giant skeleton (Vaults:3)
  7 black mambas
  A guardian serpent (Snake:3)
  6 vault sentinels
  5 naga magi
  4 freezing wraiths
  3 yaktaurs
  An ice devil (IceCv)
  4 hornets (Swamp:2)
  A bog body (Swamp:2)
  2 spriggans (Swamp:2)
  2 wyverns (Lair:6)
  A tarantella (Vaults:5)
  A redback (Vaults:4)
  4 vampire mosquitoes
  14 nagas
  A swamp worm (Swamp:1)
  4 insubstantial wisps (Swamp:1)
  3 orc warriors
  An ogre (Vaults:4)
  A human zombie (Vaults:3)
  A komodo dragon zombie (Swamp:2)
  2 orc priests (Vaults:4)
  2 orc wizards (Vaults:4)
  4 orcs
142 creatures vanquished.

Vanquished Creatures (others)
  A lich (Vaults:4)
  A salamander mystic (Snake:2)
  A shambling mangrove (Swamp:4)
  A manticore (D:12)
  2 deep elf magi (Elf:1)
  A hornet (Swamp:4)
  A redback (Vaults:5)
  A vampire mosquito (Swamp:1)
  A boggart (Vaults:1)
  A centaur (D:12)
  An orc wizard (D:5)
  A shadow imp (D:5)
  4 white imps (IceCv)
  5 ufetubi (IceCv)
  3 orcs
  A jackal (D:2)
  A briar patch (Swamp:2)
  8 fungi
  4 plants
39 creatures vanquished.

Grand Total: 1911 creatures vanquished

Notes
Turn   | Place    | Note
-------+----------+-------------------------------------------
     0 | D:1      | troglodite the Demonspawn Berserker began the quest for the Orb.
     0 | D:1      | Reached XP level 1. HP: 18/18 MP: 1/1
    92 | D:1      | Gained mutation: You are surrounded by a mild repulsion field. (EV +2) [demonic ancestry]
    92 | D:1      | Reached XP level 2. HP: 13/24 MP: 2/2
  1046 | D:2      | Gained mutation: You are surrounded by a moderate repulsion field. (EV +3) [demonic ancestry]
  1046 | D:2      | Reached XP level 3. HP: 29/29 MP: 3/3
  1205 | D:2      | Reached ** piety under Trog
  1429 | D:2      | Reached XP level 4. HP: 34/36 MP: 4/4
  1765 | D:3      | Found a sparkling altar of Nemelex Xobeh.
  1779 | D:3      | Reached skill level 1 in Slings
  1779 | D:3      | Gained mutation: You have large cloven feet. [demonic ancestry]
  1779 | D:3      | Reached XP level 5. HP: 32/42 MP: 5/5
  2175 | D:3      | Noticed Grinder
  2186 | D:3      | Killed Grinder
  2186 | D:3      | Reached *** piety under Trog
  2186 | D:3      | Reached XP level 6. HP: 48/48 MP: 6/6
  2263 | D:3      | Found a shimmering altar of Xom.
  2264 | D:3      | Found a glowing golden altar of the Shining One.
  2300 | D:3      | Found a sparkling altar of Nemelex Xobeh.
  2335 | D:3      | Found a blossoming altar of Fedhas.
  2350 | D:3      | Noticed an oklob plant
  2422 | D:3      | Found a sacrificial altar of Ru.
  2444 | D:3      | Noticed Ijyb
  2454 | D:3      | Killed Ijyb
  3550 | D:4      | Reached XP level 7. HP: 54/54 MP: 7/7
  3576 | D:4      | Noticed Robin
  3588 | D:4      | Killed Robin
  3941 | D:4      | Found a staircase to the Ecumenical Temple.
  4678 | D:5      | Entered Level 5 of the Dungeon
  4731 | D:5      | Found Raanisel's Food Emporium.
  4733 | D:5      | Noticed Duvessa
  4734 | D:5      | Noticed Dowan
  4735 | D:5      | Found Nuetant's Antique Weapon Emporium.
  4735 | D:5      | Found Juwiwoal's Gadget Emporium.
  4741 | D:5      | Killed Duvessa
  4746 | D:5      | Reached skill level 5 in Long Blades
  4751 | D:5      | Found Qaedwublui's Antique Weapon Emporium.
  4792 | D:5      | Killed Dowan
  4796 | D:5      | Reached skill level 1 in Shields
  4799 | D:5      | Gained mutation: You sometimes gain a little power by taking damage. [demonic ancestry]
  4799 | D:5      | Reached XP level 8. HP: 61/61 MP: 8/8
  4868 | D:5      | Noticed inc's ghost (novice OpFi)
  4915 | D:5      | Killed inc's ghost
  4915 | D:5      | Reached skill level 5 in Fighting
  5072 | D:5      | Received a gift from Trog
  5178 | D:5      | Reached skill level 5 in Armour
  5191 | D:5      | Found Otysiqawn's General Store.
  5205 | D:5      | Reached skill level 2 in Shields
  5280 | D:5      | Found an ancient bone altar of Kikubaaqudgha.
  5381 | D:5      | Noticed Edmund
  5388 | D:5      | Killed Edmund
  5882 | D:6      | Found a stormy altar of Qazlal.
  5882 | D:6      | Found a bloodstained altar of Trog.
  5882 | D:6      | Found a shadowy altar of Dithmenos.
  5885 | D:6      | Found a deep blue altar of Sif Muna.
  6005 | D:6      | Reached XP level 9. HP: 68/68 MP: 9/9
  6023 | D:6      | Reached **** piety under Trog
  6651 | D:6      | Found a radiant altar of Vehumet.
  6653 | D:6      | Found a burning altar of Makhleb.
  7063 | D:7      | Got a crystal dagger
  7064 | D:7      | Identified the +6 dagger of Yesterday {freeze, rElec} (You found it on level 7 of the Dungeon)
  7538 | D:7      | Reached skill level 3 in Shields
  7791 | D:8      | Reached skill level 1 in Short Blades
  8022 | D:8      | Noticed a two-headed hydra
  8035 | D:8      | Reached skill level 5 in Dodging
  8041 | D:8      | Killed a one-headed hydra
  8041 | D:8      | Gained mutation: You regenerate a little health from kills. [demonic ancestry]
  8041 | D:8      | Reached XP level 10. HP: 77/77 MP: 10/10
  8042 | D:8      | Reached ***** piety under Trog
  8583 | D:9      | Found Kevann's Weapon Shop.
  8793 | D:9      | Found Zuaty's Food Shoppe.
  8835 | D:9      | Found Ceycha's Food Shop.
  8871 | D:9      | Noticed Maurice
  8876 | D:9      | Killed Maurice
  8876 | D:9      | Reached skill level 1 in Stealth
  8876 | D:9      | Reached skill level 4 in Shields
  8879 | D:9      | Reached skill level 1 in Axes
  8888 | D:9      | Found a staircase to the Lair.
  8910 | D:9      | Received a gift from Trog
  9528 | D:9      | Found Ikoenir's Book Boutique.
  9629 | D:9      | Found Mobi's General Store.
  9633 | D:9      | Bought a potion of degeneration for 17 gold pieces
  9633 | D:9      | Bought a scroll of identify for 34 gold pieces
  9727 | D:10     | Entered Level 10 of the Dungeon
  9743 | D:10     | Reached skill level 5 in Slings
 10277 | D:10     | Noticed a two-headed ogre
 10635 | D:10     | Killed an unseen horror
 10635 | D:10     | Gained mutation: You have hoof-like feet. [demonic ancestry]
 10635 | D:10     | Reached XP level 11. HP: 84/84 MP: 11/11
 11371 | D:11     | Reached skill level 5 in Shields
 11566 | D:11     | Noticed Josephine
 11579 | D:11     | Killed Josephine
 11922 | D:11     | Reached skill level 5 in Short Blades
 11933 | D:11     | Noticed Snorg
 11953 | D:11     | Killed Snorg
 12248 | D:11     | Noticed a brown ugly thing
 12276 | D:11     | Killed a brown ugly thing
 12566 | D:11     | Noticed Fannar
 12596 | D:11     | Killed Fannar
 12596 | D:11     | Received a gift from Trog
 12617 | D:11     | Paralysed by fainting for 5 turns
 12757 | D:11     | Found a staircase to the Orcish Mines.
 12860 | D:11     | Noticed a death knight
 12860 | D:11     | Noticed a phantasmal warrior
 12876 | D:11     | Killed a death knight
 12876 | D:11     | Reached skill level 6 in Shields
 12878 | D:11     | Killed a phantasmal warrior
 13648 | D:12     | Noticed Nessos
 13655 | D:12     | Noticed a two-headed ogre
 14156 | D:12     | Gained mutation: You sometimes gain power by taking damage. [demonic ancestry]
 14156 | D:12     | Reached XP level 12. HP: 86/92 MP: 12/12
 14442 | D:11     | Killed Nessos
 15176 | D:12     | Killed a two-headed ogre
 15638 | D:13     | Found a frozen archway.
 15661 | IceCv    | Entered an ice cave
 17137 | IceCv    | Received a gift from Trog
 17602 | IceCv    | Noticed a reaper
 17609 | IceCv    | Killed a reaper
 17609 | IceCv    | Reached skill level 7 in Shields
 18008 | D:13     | Got a pitted dagger
 18039 | D:13     | Identified the +2 dagger of Eckeit {venom, rF+ Dex+5} (You found it on level 13 of the Dungeon)
 18188 | D:13     | Noticed a two-headed ogre
 18207 | D:13     | Killed a two-headed ogre
 18217 | D:13     | Received a gift from Trog
 18238 | D:13     | Got a smoking mace {elec}
 18293 | D:13     | Identified the cursed +2 mace "Boisivoc" {elec, MR++ MP+9} (You took it off a crimson imp on level 13 of the Dungeon)
 18816 | D:13     | HP: 6/142 [poisoned by a green ugly thing]
 18817 | D:13     | HP: 2/95 [poisoned by a green ugly thing]
 19202 | Orc:1    | Entered Level 1 of the Orcish Mines
 19247 | Orc:1    | Gained mutation: You regenerate health from kills. [demonic ancestry]
 19247 | Orc:1    | Reached XP level 13. HP: 101/101 MP: 13/13
 19788 | Orc:2    | Entered Level 2 of the Orcish Mines
 19898 | Orc:2    | Found Oschihuel's Jewellery Boutique.
 20043 | Orc:2    | Noticed an orc warlord
 20314 | Orc:2    | Received a gift from Trog
 20420 | Orc:2    | Killed an orc warlord
 20420 | Orc:2    | Reached skill level 8 in Shields
 20935 | Orc:2    | Reached skill level 10 in Armour
 21632 | Orc:2    | Paralysed by an ogre mage for 4 turns
 21698 | Orc:2    | Paralysed by an ogre mage for 7 turns
 21737 | Orc:2    | Paralysed by an orc sorcerer for 2 turns
 21847 | Orc:2    | Found a staircase to the Elven Halls.
 21909 | Orc:2    | Found Suzin's Antique Weapon Emporium.
 22431 | Orc:2    | Found Eteles's Food Shop.
 22434 | Orc:2    | Found Ceinwes's General Store.
 23514 | Orc:2    | Received a gift from Trog
 23746 | Orc:2    | Reached skill level 10 in Fighting
 23787 | Orc:2    | Reached skill level 9 in Shields
 23787 | Orc:2    | Gained mutation: You have hooves in place of feet. [demonic ancestry]
 23787 | Orc:2    | Reached XP level 14. HP: 110/110 MP: 14/14
 24227 | Orc:2    | Found Ului's Antique Weapon Shoppe.
 24227 | Orc:2    | Found Nymemn's Gadget Emporium.
 24228 | Orc:2    | Found a one-way gate leading to the halls of Pandemonium.
 24253 | Orc:2    | Bought a faintly glowing hunting sling for 208 gold pieces
 24256 | Orc:2    | Identified the +7 hunting sling of Ycvorolu {flame, MP+9} (You bought it in a shop on level 2 of the Orcish Mines)
 24311 | Orc:2    | Bought a scroll of blinking for 112 gold pieces
 24311 | Orc:2    | Bought a scroll of teleportation for 45 gold pieces
 24311 | Orc:2    | Bought a potion of curing for 45 gold pieces
 24395 | Orc:2    | Bought the ring "Luenlul" {Wiz rN+ Dex+3 SInv} for 723 gold pieces
 24557 | Lair:1   | Entered Level 1 of the Lair of Beasts
 24881 | Lair:1   | Received a gift from Trog
 25664 | Lair:2   | Reached ****** piety under Trog
 25664 | Lair:2   | Reached skill level 10 in Dodging
 25862 | Lair:2   | Received a gift from Trog
 25934 | Lair:2   | Identified 3 scrolls of acquirement
 25936 | Lair:2   | Found the +3 hat of Pondering {ponderous, MR+ MP+10 Int+5}
 25941 | Lair:2   | Got an ichor-stained crystal plate armour
 25966 | Lair:2   | Identified the +12 crystal plate armour of Protective Custody {+Inv MR+ Str+2} (You acquired it on level 2 of the Lair of Beasts)
 26386 | Lair:2   | Found a sparkling altar of Nemelex Xobeh.
 26552 | Lair:3   | Found a staircase to the Snake Pit.
 26783 | Lair:3   | Reached skill level 10 in Shields
 27494 | Lair:3   | Received a gift from Trog
 27844 | Lair:4   | Noticed Sonja
 27854 | Lair:4   | Killed Sonja
 28032 | Lair:4   | Got a pitted amber ring
 28037 | Lair:4   | Identified the ring "Ugompafe" {rPois rF++ rN+ Int+2 Dex-4} (You found it on level 4 of the Lair of Beasts)
 28584 | Lair:4   | Found a staircase to the Swamp.
 29234 | Lair:5   | Received a gift from Trog
 29294 | Lair:5   | Found a staircase to the Slime Pits.
 29482 | Lair:5   | Reached XP level 15. HP: 111/117 MP: 15/15
 30172 | Lair:6   | Entered Level 6 of the Lair of Beasts
 30333 | Lair:6   | Found a snail-covered altar of Cheibriados.
 30407 | Lair:6   | Received a gift from Trog
 30650 | Lair:6   | Reached skill level 11 in Shields
 30808 | Lair:6   | Received a gift from Trog
 30829 | Lair:6   | Got an encrusted great sword
 30830 | Lair:6   | Identified the +5 great sword of Duimm {drain, rC- Str+9} (You found it on level 6 of the Lair of Beasts)
 32130 | Swamp:1  | Entered Level 1 of the Swamp
 32589 | Swamp:1  | Received a gift from Trog
 32900 | Swamp:1  | Reached skill level 12 in Shields
 33713 | Swamp:2  | Noticed Nikola
 33739 | Swamp:2  | Killed Nikola
 33966 | Swamp:2  | Noticed a thorn hunter
 34003 | Swamp:2  | Killed a thorn hunter
 34165 | Swamp:2  | Noticed a thorn hunter
 34197 | Swamp:2  | Killed a thorn hunter
 34409 | Swamp:2  | Reached XP level 16. HP: 117/125 MP: 14/16
 34500 | Swamp:3  | Noticed a tentacled monstrosity
 34521 | Swamp:3  | Killed a tentacled monstrosity
 34722 | Swamp:3  | Noticed Roxanne
 34956 | Swamp:3  | Killed Roxanne
 34957 | Swamp:3  | Identified Roxanne's Incunabulum of the Lonely Ghosts (You took it off Roxanne on level 3 of the Swamp)
 35040 | Swamp:3  | Noticed Mara
 35064 | Swamp:3  | Noticed troglodite's illusion
 35071 | Swamp:3  | Killed Mara
 35071 | Swamp:3  | Reached skill level 13 in Shields
 35640 | Swamp:4  | Entered Level 4 of the Swamp
 35986 | Swamp:4  | Noticed a thorn hunter
 36402 | Swamp:4  | Killed a thorn hunter
 37140 | Swamp:4  | Received a gift from Trog
 37168 | Swamp:4  | Paralysed by a hornet for 1 turns
 37281 | Swamp:4  | Paralysed by a hornet for 2 turns
 37286 | Swamp:4  | Received a gift from Trog
 37901 | Swamp:4  | Got a decaying rune of Zot
 38141 | Snake:1  | Entered Level 1 of the Snake Pit
 38155 | Snake:1  | Reached skill level 14 in Shields
 38424 | Snake:1  | Noticed Agnes
 38449 | Snake:1  | Killed Agnes
 38449 | Snake:1  | Reached skill level 10 in Slings
 38480 | Snake:1  | Received a gift from Trog
 38480 | Snake:1  | Gained mutation: You regenerate a lot of health from kills. [demonic ancestry]
 38480 | Snake:1  | Reached XP level 17. HP: 125/133 MP: 14/17
 39020 | Snake:1  | Noticed Azrael
 39057 | Snake:1  | Killed Azrael
 40416 | Snake:2  | Noticed Vashnia
 40433 | Snake:2  | Killed Vashnia
 41729 | Snake:3  | Received a gift from Trog
 41833 | Snake:2  | Reached skill level 15 in Shields
 41955 | Snake:3  | Received a gift from Trog
 42370 | Snake:4  | Entered Level 4 of the Snake Pit
 42709 | Snake:4  | Reached skill level 10 in Short Blades
 43188 | Snake:4  | Found Pimiluev's Armour Shop.
 43399 | Snake:4  | Reached XP level 18. HP: 130/141 MP: 13/18
 43418 | Snake:4  | Received a gift from Trog
 43542 | Snake:4  | Received a gift from Trog
 43707 | Snake:4  | Got a serpentine rune of Zot
 43962 | Snake:4  | Reached skill level 16 in Shields
 44794 | D:14     | Received a gift from Trog
 44960 | D:14     | Found a gate to the Vaults.
 45427 | D:14     | Found a portal to a secret trove of treasure.
 45545 | D:14     | Received a gift from Trog
 45918 | D:15     | Entered Level 15 of the Dungeon
 46628 | D:15     | Received a gift from Trog
 46862 | D:15     | Found a staircase to the Depths.
 47283 | Elf:1    | Entered Level 1 of the Elven Halls
 47540 | Elf:1    | Received a gift from Trog
 47655 | Elf:1    | Received a gift from Trog
 47704 | Elf:1    | Reached skill level 17 in Shields
 48034 | Elf:1    | Received a gift from Trog
 48948 | Elf:2    | Reached XP level 19. HP: 148/148 MP: 19/19
 49123 | Elf:2    | Found a runed gate.
 49123 | Elf:2    | Found a runed gate.
 49123 | Elf:2    | Found a runed gate.
 49328 | Elf:2    | Received a gift from Trog
 50684 | Elf:3    | Entered Level 3 of the Elven Halls
 50904 | Elf:3    | Received a gift from Trog
 51395 | Elf:3    | Reached skill level 18 in Shields
 51554 | Elf:3    | Noticed a Brimstone Fiend
 52625 | Elf:3    | Received a gift from Trog
 52881 | Elf:3    | Received a gift from Trog
 52881 | Elf:3    | Gained mutation: You are powered by pain. [demonic ancestry]
 52881 | Elf:3    | Reached XP level 20. HP: 157/157 MP: 18/20
 53123 | Elf:3    | Got a smoking bone ring
 53129 | Elf:3    | Got an iridescent broad axe {protect}
 53155 | Elf:3    | Got an ivory dagger
 53646 | Elf:3    | Identified the ring of Suspected Treachery {*Contam rN++ Int+3 SInv} (You found it on level 3 of the Elven Halls)
 53654 | Elf:3    | Gained mutation: You can translocate small distances at will. [mutagenic glow]
 53660 | Elf:3    | Identified the +7 dagger of Disembowelment {pierce, Int+4} (You found it on level 3 of the Elven Halls)
 53661 | Elf:3    | Identified the +7 broad axe "Cejeabb" {protect, Str+4} (You took it off a deep elf annihilator on level 3 of the Elven Halls)
 53821 | Vaults:1 | Entered Level 1 of the Vaults
 54139 | Vaults:1 | Reached skill level 19 in Shields
 54312 | Vaults:1 | Received a gift from Trog
 54532 | Vaults:1 | Noticed Donald
 54589 | Vaults:1 | Killed Donald
 56408 | Vaults:2 | Received a gift from Trog
 57034 | Vaults:2 | Received a gift from Trog
 57407 | Vaults:2 | Found a staircase to the Crypt.
 57963 | Vaults:3 | Received a gift from Trog
 58259 | Vaults:3 | Received a gift from Trog
 58263 | Vaults:3 | Reached skill level 20 in Shields
 58263 | Vaults:3 | Reached XP level 21. HP: 165/165 MP: 17/21
 59648 | Vaults:3 | Received a gift from Trog
 60329 | Vaults:4 | Received a gift from Trog
 60829 | Vaults:4 | Noticed Bai Suzhen
 60983 | Vaults:4 | Received a gift from Trog
 61376 | Vaults:4 | Killed Bai Suzhen
 61440 | Vaults:4 | Received a gift from Trog
 61446 | Vaults:4 | Noticed Saint Roka
 61530 | Vaults:4 | Killed Saint Roka
 62526 | Vaults:4 | Found Agitz's Book Emporium.
 62625 | Vaults:4 | Got a steaming helmet
 62636 | Vaults:4 | Identified the +1 helmet of the Burgomaster {rPois Dex+6 Stlth-} (You found it on level 4 of the Vaults)
 62797 | Vaults:5 | Entered Level 5 of the Vaults
 62799 | Vaults:5 | Noticed an ancient lich
 62946 | Vaults:4 | Reached skill level 21 in Shields
 63156 | Vaults:4 | Received a gift from Trog
 63422 | Vaults:4 | Gained mutation: You resist negative energy. (rN+) [demonic ancestry]
 63422 | Vaults:4 | Reached XP level 22. HP: 128/173 MP: 22/22
 63482 | Vaults:5 | Received a gift from Trog
 63599 | Vaults:5 | Noticed a golden dragon
 63608 | Vaults:5 | Killed a golden dragon
 63679 | Vaults:5 | Reached skill level 15 in Armour
 63871 | Vaults:5 | Received a gift from Trog
 63924 | Vaults:5 | Killed an ancient lich
 64408 | Vaults:5 | Received a gift from Trog
 64428 | Vaults:5 | Reached skill level 22 in Shields
 64612 | Vaults:5 | Received a gift from Trog
 64612 | Vaults:5 | HP: 9/261 [ice dragon/blast of cold (12)]
 64648 | Vaults:5 | HP: 3/174 [titan/the air (14)]
 64648 | Vaults:5 | Killed from afar by a deep elf high priest

Skill      XL: |  1  2  3  4  5  6  7  8  9 10 11 12 13 14 15 16 17 18 19 20 21 22 |
---------------+-------------------------------------------------------------------+-----
Dodging        | 2 3 4 5 6 8 9 10 11 12 13 14 | 14.0
Long Blades    | 3 4 5 6 7 8 |  8.1
Armour         | 2 3 4 5 6 8 9 10 11 12 13 14 15 | 15.3
Slings         | 1 2 3 4 5 6 7 8 9 10 11 12 13 | 13.2
Fighting       | 4 5 6 7 8 9 10 11 12 13 14 | 14.9
Shields        | 1 2 3 4 6 7 9 10 12 14 15 17 18 20 21 22 | 22.1
Short Blades   | 2 4 5 7 8 9 10 | 10.9
Stealth        | 1 2 3 |  3.3
Axes           | 1 |  1.2

Action                   |  1- 3 |  4- 6 |  7- 9 | 10-12 | 13-15 | 16-18 | 19-21 | 22-24 || total
-------------------------+-------+-------+-------+-------+-------+-------+-------+-------++-------
Melee: Falchion          |   115 |   261 |   290 |       |    91 |   917 |       |       ||  1674
       Kick              |       |   117 |   149 |    58 |   741 |  1354 |  1887 |   500 ||  4806
       Dagger            |       |       |    96 |  1369 |  2543 |  2163 |  3899 |   759 || 10829
       Hand axe          |       |       |     9 |    14 |       |       |       |       ||    23
 Fire: Hunting sling     |       |       |       |       |       |       |    59 |       ||    59
Invok: Berserk           |     2 |     4 |     9 |    22 |    33 |    23 |    31 |     9 ||   133
       Trog's Hand       |       |       |     1 |       |       |       |       |     1 ||     2
       Burn Spellbooks   |       |       |       |     3 |     3 |     2 |     7 |       ||    15
       Brothers in Arms  |       |       |       |     4 |     6 |    10 |    13 |    15 ||    48
  Use: Scroll            |       |     6 |     1 |    26 |    18 |    11 |     4 |    16 ||    82
       Potion            |       |       |     1 |     3 |       |     5 |       |    14 ||    23
 Stab: Sleeping          |     2 |       |       |       |     3 |       |       |       ||     5
       Distracted        |       |       |       |     1 |     1 |     3 |     5 |     2 ||    12
       Confused          |       |       |       |       |     2 |     1 |       |       ||     3
       Fleeing           |       |       |       |       |       |       |       |     1 ||     1
  Eat: Chunk             |     3 |     4 |    20 |    19 |    54 |    27 |    46 |     3 ||   176
       Ration            |       |     2 |     1 |    13 |     9 |    14 |    12 |     4 ||    55
Armor: Animal skin       |    22 |       |       |       |       |       |       |       ||    22
       Plate armour      |    17 |   109 |   143 |       |       |       |       |       ||   269
       Scale mail        |       |       |    57 |   312 |       |       |       |       ||   369
       Troll leather arm |       |       |       |    53 |   172 |       |       |       ||   225
       Ice dragon scales |       |       |       |    40 |       |       |       |       ||    40
       Crystal plate arm |       |       |       |       |   501 |  1636 |  1103 |   589 ||  3829
       Skin              |       |       |       |       |       |       |       |    15 ||    15
Dodge: Dodged            |   117 |    95 |   207 |   725 |   796 |   776 |   825 |   406 ||  3947
Block: Buckler           |       |       |    39 |   343 |   288 |       |       |       ||   670
       Large shield      |       |       |       |       |  1118 |  3383 |  3581 |  1124 ||  9206
       Rpst.: Falchion   |    34 |    35 |    53 |       |    10 |    87 |       |       ||   219
